1955 views
Uploaded 2023-08-15 01:59:27
Game version 1.36 (6115)
20:31 long 3on3 ladder game on (6)Monsoon_LV
Saved by GIGA
1955 views
Uploaded 2023-08-15 01:59:27
Game version 1.36 (6115)
20:31 long 3on3 ladder game on (6)Monsoon_LV


111 units @ 11.5k
/ 0.9k
65 buildings @ 11.8k
/ 4.9k



| Scroll of Speed | 1 | 50 |
| Potion of Mana | 1 | 200 |
| Potion of Healing | 1 | 150 |
| Healing Salve | 1 | 100 |
| Lesser Clarity Potion | 1 | 70 |
| total: | 5 | 570g |
| Peon | 13 | 975 | / | 0 |
| Grunt | 5 | 1000 | / | 0 |
| Tauren | 1 | 280 | / | 80 |
| Gnoll Warden | 1 | 215 | / | 20 |
| Gnoll Brute | 2 | 430 | / | 40 |
| Mud Golem | 1 | 145 | / | 10 |
| Ogre Magi | 1 | 320 | / | 50 |
| total: | 24 | 3365g | / | 200w |
| Watch Tower | 4 | 440 | / | 320 |
| Altar of Storms | 2 | 360 | / | 100 |
| Orc Burrow | 7 | 1120 | / | 280 |
| Barracks | 1 | 180 | / | 50 |
| War Mill | 4 | 820 | / | 0 |
| Voodoo Lounge | 2 | 260 | / | 60 |
| Great Hall | 3 | 1155 | / | 555 |
| Tauren Totem | 2 | 270 | / | 310 |
| Stronghold | 1 | 315 | / | 190 |
| Fortress | 1 | 325 | / | 190 |
| total: | 25 | 4605g | / | 1675w |
| 0:08 | Peon |
| 0:08 | Peon |
| 0:09 | Peon |
| 0:17 | Altar of Storms |
| 0:19 | Peon |
| 0:30 | Orc Burrow |
| 0:39 | Peon |
| 2:33 | Barracks |
| 2:55 | Peon |
| 2:55 | Peon |
| 3:13 | Peon |
| 3:21 | War Mill |
| 3:27 | Feral Spirit |
| 3:37 | Grunt |
| 3:37 | Grunt |
| 3:45 | Orc Burrow |
| 4:30 | Orc Burrow |
| 4:33 | Stronghold |
| 4:53 | Gnoll Warden |
| 4:54 | Gnoll Brute |
| 5:13 | Grunt |
| 5:20 | Orc Burrow |
| 6:13 | Orc Burrow |
| 6:17 | Voodoo Lounge |
| 6:31 | Chain Lighting |
| 6:46 | Voodoo Lounge |
| 7:10 | Grunt |
| 7:11 | Fortress |
| 7:31 | Feral Spirit |
| 8:17 | Healing Wave |
| 8:33 | Watch Tower |
| 8:57 | Grunt |
| 8:57 | Berserker Strength |
| 9:05 | Tauren Totem |
| 9:09 | Tauren Totem |
| 9:18 | Scroll of Speed |
| 9:20 | Potion of Mana |
| 9:21 | Potion of Healing |
| 9:24 | Healing Salve |
| 9:25 | Lesser Clarity Potion |
| 9:46 | Great Hall |
| 10:42 | Summon Bear |
| 11:23 | Watch Tower |
| 11:28 | Pulverize |
| 11:29 | Tauren |
| 11:53 | Watch Tower |
| 13:17 | War Mill |
| 14:09 | Orc Burrow |
| 14:14 | War Mill |
| 14:16 | Orc Burrow |
| 15:08 | Peon |
| 15:08 | Peon |
| 15:15 | Great Hall |
| 15:40 | War Mill |
| 17:42 | Great Hall |
| 18:10 | Peon |
| 18:10 | Peon |
| 18:11 | Peon |
| 18:17 | Watch Tower |
| 18:28 | Mud Golem |
| 18:28 | Ogre Magi |
| 18:29 | Gnoll Brute |
| 19:36 | Altar of Storms |
| 21:07 | Summon Quilbeast |
| Right click | 366 |
| Select | 220 |
| Chat | 210 |
| Build/train/purchase | 58 |
| Use ability | 21 |
| Minimap ping | 4 |

| Lesser Clarity Potion | 2 | 140 |
| Orb of Venom | 1 | 325 |
| Scroll of Town Portal | 1 | 350 |
| Boots of Speed | 1 | 250 |
| Scroll of Protection | 1 | 150 |
| Scroll of Speed | 1 | 50 |
| total: | 7 | 1265g |
| Wisp | 36 | 2160 | / | 0 |
| Archer | 12 | 1560 | / | 120 |
| Druid of the Claw | 3 | 765 | / | 240 |
| Dryad | 3 | 435 | / | 180 |
| total: | 54 | 4920g | / | 540w |
| Ancient Protector | 10 | 1350 | / | 800 |
| Altar of Elders | 1 | 180 | / | 50 |
| Moon Well | 8 | 1440 | / | 320 |
| Ancient of War | 1 | 150 | / | 60 |
| Ancient of Wonders | 1 | 90 | / | 30 |
| Hunter's Hall | 1 | 210 | / | 100 |
| Tree of Life | 3 | 1020 | / | 555 |
| Ancient of Lore | 2 | 310 | / | 290 |
| Tree of Ages | 1 | 320 | / | 180 |
| Tree of Eternity | 1 | 330 | / | 200 |
| total: | 27 | 4750g | / | 2205w |
| 0:02 | Wisp |
| 0:13 | Altar of Elders |
| 0:17 | Moon Well |
| 0:20 | Wisp |
| 0:43 | Ancient of War |
| 0:47 | Wisp |
| 1:48 | Wisp |
| 1:55 | Wisp |
| 2:11 | Wisp |
| 2:30 | Archer |
| 2:41 | Moon Well |
| 2:44 | Wisp |
| 2:51 | Archer |
| 3:03 | Summon Bear |
| 3:15 | Ancient of Wonders |
| 4:05 | Wisp |
| 4:05 | Wisp |
| 4:05 | Wisp |
| 4:05 | Wisp |
| 4:07 | Wisp |
| 4:09 | Archer |
| 4:21 | Summon Hawk |
| 4:40 | Archer |
| 4:40 | Archer |
| 5:02 | Tree of Ages |
| 5:05 | Moon Well |
| 5:40 | Archer |
| 5:51 | Hunter's Hall |
| 6:20 | Summon Bear |
| 6:23 | Moon Well |
| 6:39 | Archer |
| 6:39 | Archer |
| 6:45 | Lesser Clarity Potion |
| 7:24 | Tree of Eternity |
| 7:26 | Ancient of Lore |
| 7:28 | Ancient of Lore |
| 7:33 | Archer |
| 8:02 | Reinforced Hides |
| 8:41 | Druid of the Claw Adept Training |
| 8:46 | Summon Hawk |
| 9:38 | Ancient Protector |
| 9:43 | Druid of the Claw |
| 9:47 | Druid of the Claw Master Training |
| 9:49 | Tree of Life |
| 9:53 | Tree of Life |
| 9:56 | Wisp |
| 9:56 | Wisp |
| 10:18 | Moon Well |
| 10:20 | Wisp |
| 10:42 | Druid of the Claw |
| 11:00 | Mark of the Claw |
| 11:04 | Wisp |
| 11:04 | Wisp |
| 11:23 | Druid of the Claw |
| 11:39 | Summon Bear |
| 11:42 | Boots of Speed |
| 11:47 | Scroll of Protection |
| 12:13 | Nature's Blessing |
| 12:14 | Ancient Protector |
| 12:31 | Ancient Protector |
| 12:33 | Wisp |
| 12:34 | Wisp |
| 12:34 | Wisp |
| 13:06 | Archer |
| 13:24 | Dryad |
| 13:42 | Ancient Protector |
| 13:45 | Moon Well |
| 14:00 | Orb of Venom |
| 14:05 | Ancient Protector |
| 14:20 | Dryad |
| 14:46 | Ancient Protector |
| 14:48 | Wisp |
| 14:48 | Wisp |
| 15:01 | Archer |
| 15:03 | Moon Well |
| 15:35 | Wisp |
| 15:40 | Ancient Protector |
| 16:04 | Wisp |
| 16:14 | Dryad |
| 16:16 | Wisp |
| 16:16 | Wisp |
| 16:34 | Scroll of Speed |
| 16:54 | Archer |
| 16:58 | Ancient Protector |
| 17:16 | Moon Well |
| 17:18 | Ancient Protector |
| 17:27 | Lesser Clarity Potion |
| 17:31 | Scroll of Town Portal |
| 17:45 | Ancient Protector |
| 17:47 | Wisp |
| 17:47 | Wisp |
| 18:16 | Wisp |
| 18:29 | Tree of Life |
| 18:45 | Wisp |
| 18:45 | Wisp |
| 21:15 | Wisp |
| 21:16 | Wisp |
| 21:16 | Wisp |
| 21:16 | Wisp |
| 21:16 | Wisp |
| Right click | 614 |
| Select | 327 |
| Select group | 270 |
| Build/train/purchase | 129 |
| Misc. action | 104 |
| Assign group | 17 |
| Use ability | 9 |
| Item give/drop | 7 |

| Wisp | 21 | 1260 | / | 0 |
| Archer | 4 | 520 | / | 40 |
| Huntress | 4 | 780 | / | 80 |
| Hippogryph | 4 | 640 | / | 80 |
| total: | 33 | 3200g | / | 200w |
| Moon Well | 6 | 1080 | / | 240 |
| Altar of Elders | 1 | 180 | / | 50 |
| Ancient of War | 2 | 300 | / | 120 |
| Hunter's Hall | 1 | 210 | / | 100 |
| Tree of Life | 1 | 340 | / | 185 |
| Ancient of Wind | 2 | 300 | / | 280 |
| Tree of Ages | 1 | 320 | / | 180 |
| total: | 13 | 2410g | / | 975w |
| 4:03 | Moon Well |
| 4:12 | Altar of Elders |
| 4:15 | Wisp |
| 4:16 | Wisp |
| 4:16 | Wisp |
| 4:50 | Ancient of War |
| 4:54 | Wisp |
| 4:54 | Wisp |
| 5:39 | Wisp |
| 5:40 | Wisp |
| 6:24 | Mana Burn |
| 6:26 | Wisp |
| 6:26 | Wisp |
| 6:26 | Wisp |
| 6:26 | Wisp |
| 7:00 | Ancient of War |
| 7:29 | Wisp |
| 7:29 | Wisp |
| 8:02 | Moon Well |
| 8:08 | Archer |
| 8:09 | Archer |
| 8:09 | Archer |
| 8:34 | Hunter's Hall |
| 8:59 | Moon Well |
| 9:14 | Archer |
| 10:10 | Immolation |
| 10:40 | Tree of Life |
| 10:52 | Wisp |
| 10:53 | Wisp |
| 10:53 | Wisp |
| 10:53 | Wisp |
| 10:53 | Wisp |
| 11:07 | Moon Well |
| 11:11 | Huntress |
| 11:16 | Huntress |
| 11:30 | Huntress |
| 11:56 | Moon Well |
| 12:26 | Tree of Ages |
| 12:38 | Huntress |
| 13:21 | Moon Well |
| 13:56 | Strength of the Moon |
| 13:57 | Strength of the Wild |
| 15:09 | Ancient of Wind |
| 15:21 | Ancient of Wind |
| 16:10 | Wisp |
| 16:11 | Wisp |
| 16:11 | Wisp |
| 16:31 | Hippogryph |
| 16:33 | Hippogryph |
| 16:41 | Hippogryph |
| 16:42 | Hippogryph |
| 17:40 | Improved Strength of the Wild |
| Select | 78 |
| Right click | 62 |
| Build/train/purchase | 45 |
| Select group | 17 |
| Assign group | 4 |
| Use ability | 2 |
103 units @ 9.9k
/ 1.3k
84 buildings @ 9k
/ 3.9k



| Peasant | 9 | 675 | / | 0 |
| Flying Machine | 23 | 2300 | / | 690 |
| Dragonhawk Rider | 5 | 1000 | / | 150 |
| total: | 37 | 3975g | / | 840w |
| Altar of Kings | 1 | 180 | / | 50 |
| Farm | 15 | 1200 | / | 300 |
| Lumber Mill | 1 | 120 | / | 0 |
| Blacksmith | 1 | 140 | / | 60 |
| Arcane Vault | 1 | 130 | / | 30 |
| Workshop | 3 | 420 | / | 420 |
| Gryphon Aviary | 1 | 140 | / | 150 |
| Keep | 1 | 320 | / | 210 |
| Castle | 1 | 360 | / | 210 |
| total: | 23 | 2330g | / | 1010w |
| 0:03 | Peasant |
| 0:03 | Peasant |
| 0:06 | Altar of Kings |
| 0:10 | Farm |
| 0:12 | Peasant |
| 0:34 | Peasant |
| 0:47 | Lumber Mill |
| 1:31 | Peasant |
| 1:47 | Peasant |
| 1:57 | Peasant |
| 1:59 | Peasant |
| 2:20 | Peasant |
| 2:26 | Improved Lumber Harvesting |
| 2:49 | Keep |
| 3:02 | Storm Bolt |
| 3:08 | Blacksmith |
| 3:17 | Farm |
| 3:18 | Farm |
| 3:24 | Improved Masonry |
| 4:23 | Farm |
| 4:24 | Farm |
| 4:27 | Farm |
| 4:27 | Farm |
| 4:30 | Black Gunpowder |
| 5:10 | Castle |
| 5:15 | Advanced Masonry |
| 5:20 | Workshop |
| 5:22 | Workshop |
| 5:24 | Workshop |
| 5:30 | Refined Gunpowder |
| 6:27 | Flying Machine |
| 6:31 | Flying Machine |
| 6:34 | Flying Machine |
| 6:39 | Flak Cannons |
| 6:42 | Holy Light |
| 6:55 | Iron Plating |
| 7:00 | Flying Machine |
| 7:06 | Farm |
| 7:10 | Flying Machine |
| 7:10 | Flying Machine |
| 7:23 | Flying Machine |
| 7:33 | Gryphon Aviary |
| 7:37 | Arcane Vault |
| 7:43 | Farm |
| 7:48 | Flying Machine Bombs |
| 7:49 | Flying Machine |
| 7:50 | Imbued Gunpowder |
| 7:56 | Flying Machine |
| 8:06 | Flying Machine |
| 8:07 | Flying Machine |
| 8:26 | Flying Machine |
| 8:44 | Flying Machine |
| 9:03 | Flying Machine |
| 9:13 | Cloud |
| 9:14 | Dragonhawk Rider |
| 9:15 | Dragonhawk Rider |
| 9:15 | Dragonhawk Rider |
| 9:29 | Flying Machine |
| 9:30 | Flying Machine |
| 9:30 | Flying Machine |
| 9:44 | Steel Plating |
| 9:46 | Farm |
| 9:49 | Divine Shield |
| 10:06 | Flying Machine |
| 10:06 | Flying Machine |
| 10:06 | Flying Machine |
| 10:06 | Flying Machine |
| 10:06 | Flying Machine |
| 10:15 | Dragonhawk Rider |
| 10:15 | Dragonhawk Rider |
| 10:19 | Farm |
| 10:23 | Farm |
| 10:55 | Farm |
| 11:05 | Flying Machine |
| 11:51 | Mithril Plating |
| 15:22 | Farm |
| 15:23 | Farm |
| 18:42 | Blizzard |
| Right click | 1270 |
| Select group | 1249 |
| Select | 242 |
| Build/train/purchase | 67 |
| Chat | 42 |
| Assign group | 17 |
| Use ability | 11 |
| Minimap ping | 7 |
| Esc | 5 |
| Misc. action | 2 |
DudeWhy
(236)
(21:20) : 


| Boots of Speed | 2 | 500 |
| Healing Salve | 1 | 100 |
| total: | 3 | 600g |
| Peasant | 26 | 1950 | / | 0 |
| Footman | 2 | 270 | / | 0 |
| Mortar Team | 5 | 900 | / | 350 |
| total: | 33 | 3120g | / | 350w |
| Scout Tower | 27 | 810 | / | 540 |
| Arcane Tower | 2 | 140 | / | 100 |
| Guard Tower | 10 | 700 | / | 500 |
| Altar of Kings | 2 | 360 | / | 100 |
| Barracks | 1 | 160 | / | 60 |
| Farm | 12 | 960 | / | 240 |
| Lumber Mill | 1 | 120 | / | 0 |
| Town Hall | 4 | 1540 | / | 820 |
| Blacksmith | 1 | 140 | / | 60 |
| Workshop | 2 | 280 | / | 280 |
| Keep | 1 | 320 | / | 210 |
| Castle | 1 | 360 | / | 210 |
| total: | 50 | 4370g | / | 2100w |
| 0:02 | Peasant |
| 0:06 | Altar of Kings |
| 0:07 | Peasant |
| 0:19 | Barracks |
| 0:20 | Peasant |
| 0:34 | Farm |
| 0:35 | Peasant |
| 1:32 | Farm |
| 1:35 | Peasant |
| 1:46 | Peasant |
| 2:05 | Footman |
| 2:15 | Farm |
| 2:20 | Farm |
| 2:25 | Peasant |
| 2:25 | Peasant |
| 2:47 | Footman |
| 2:50 | Scout Tower |
| 2:51 | Peasant |
| 2:58 | Peasant |
| 3:02 | Storm Bolt |
| 3:15 | Peasant |
| 3:17 | Scout Tower |
| 3:21 | Lumber Mill |
| 3:30 | Scout Tower |
| 3:32 | Scout Tower |
| 3:33 | Scout Tower |
| 4:00 | Arcane Tower |
| 4:03 | Peasant |
| 4:07 | Scout Tower |
| 4:08 | Scout Tower |
| 4:08 | Scout Tower |
| 4:11 | Arcane Tower |
| 4:27 | Scout Tower |
| 4:38 | Guard Tower |
| 4:40 | Scout Tower |
| 5:06 | Town Hall |
| 5:14 | Peasant |
| 5:25 | Healing Salve |
| 5:39 | Peasant |
| 5:42 | Peasant |
| 5:57 | Scout Tower |
| 5:58 | Scout Tower |
| 6:25 | Peasant |
| 6:26 | Guard Tower |
| 6:29 | Bash |
| 6:29 | Bash |
| 6:38 | Peasant |
| 6:39 | Keep |
| 6:42 | Peasant |
| 6:49 | Guard Tower |
| 7:02 | Improved Lumber Harvesting |
| 7:03 | Improved Masonry |
| 7:10 | Peasant |
| 7:10 | Peasant |
| 7:16 | Guard Tower |
| 7:21 | Scout Tower |
| 7:21 | Scout Tower |
| 7:47 | Peasant |
| 7:55 | Scout Tower |
| 7:56 | Scout Tower |
| 7:57 | Scout Tower |
| 7:59 | Scout Tower |
| 7:59 | Scout Tower |
| 7:59 | Scout Tower |
| 8:00 | Scout Tower |
| 8:21 | Peasant |
| 8:30 | Town Hall |
| 9:02 | Castle |
| 9:29 | Scout Tower |
| 10:20 | Storm Bolt |
| 10:21 | Storm Bolt |
| 10:27 | Peasant |
| 10:27 | Peasant |
| 10:31 | Guard Tower |
| 10:34 | Guard Tower |
| 10:36 | Scout Tower |
| 10:37 | Scout Tower |
| 10:40 | Blacksmith |
| 10:56 | Scout Tower |
| 10:57 | Scout Tower |
| 11:03 | Scout Tower |
| 11:16 | Altar of Kings |
| 11:19 | Farm |
| 11:19 | Farm |
| 11:20 | Farm |
| 11:21 | Guard Tower |
| 11:25 | Advanced Lumber Harvesting |
| 11:25 | Advanced Masonry |
| 11:30 | Guard Tower |
| 12:00 | Farm |
| 12:02 | Farm |
| 12:20 | Town Hall |
| 12:28 | Guard Tower |
| 12:32 | Guard Tower |
| 13:19 | Holy Light |
| 13:46 | Workshop |
| 13:48 | Workshop |
| 13:49 | Iron Forged Swords |
| 13:49 | Black Gunpowder |
| 13:50 | Refined Gunpowder |
| 14:59 | Brilliance Aura |
| 15:00 | Fragmentation Shards |
| 15:00 | Flare |
| 15:00 | Mortar Team |
| 15:01 | Imbued Gunpowder |
| 15:18 | Farm |
| 15:19 | Farm |
| 15:20 | Farm |
| 15:27 | Holy Light |
| 15:44 | Town Hall |
| 15:57 | Mortar Team |
| 16:02 | Divine Shield |
| 16:12 | Mortar Team |
| 16:25 | Boots of Speed |
| 16:25 | Boots of Speed |
| 17:11 | Mortar Team |
| 17:30 | Bash |
| 17:34 | Bash |
| 17:41 | Mortar Team |
| 17:44 | Peasant |
| 17:44 | Peasant |
| 17:58 | Studded Leather Armor |
| 18:03 | Imbued Masonry |
| 18:56 | Holy Light |
| 21:05 | Blizzard |
| Right click | 664 |
| Select group | 312 |
| Select | 284 |
| Misc. action | 133 |
| Build/train/purchase | 89 |
| Use ability | 58 |
| Resource trade | 17 |
| Assign group | 16 |
| Esc | 6 |
| Chat | 5 |
| Item give/drop | 1 |
| Minimap ping | 1 |

| Orb of Lightning | 1 | 375 |
| Tiny Great Hall | 1 | 600 |
| Boots of Speed | 1 | 250 |
| Staff of Teleportation | 1 | 150 |
| total: | 4 | 1375g |
| Peon | 28 | 2100 | / | 0 |
| Troll Witch Doctor | 5 | 725 | / | 125 |
| total: | 33 | 2825g | / | 125w |
| Altar of Storms | 2 | 360 | / | 100 |
| Orc Burrow | 3 | 480 | / | 120 |
| War Mill | 2 | 410 | / | 0 |
| Great Hall | 2 | 770 | / | 370 |
| Voodoo Lounge | 1 | 130 | / | 30 |
| Spirit Lodge | 1 | 150 | / | 150 |
| Stronghold | 1 | 315 | / | 190 |
| Fortress | 1 | 325 | / | 190 |
| total: | 11 | 2300g | / | 770w |
| 0:04 | Altar of Storms |
| 0:07 | Altar of Storms |
| 0:10 | Orc Burrow |
| 0:11 | Peon |
| 0:23 | Peon |
| 0:29 | Peon |
| 0:40 | Peon |
| 0:46 | Peon |
| 1:31 | Peon |
| 1:39 | Peon |
| 1:45 | Peon |
| 2:34 | Peon |
| 2:37 | War Mill |
| 2:38 | Peon |
| 2:49 | Peon |
| 2:56 | Wind Walk |
| 3:51 | Great Hall |
| 4:03 | Orc Burrow |
| 4:17 | Voodoo Lounge |
| 4:25 | Peon |
| 4:28 | Peon |
| 4:29 | Peon |
| 5:42 | Critical Strike |
| 6:01 | Peon |
| 6:01 | Peon |
| 6:01 | Peon |
| 6:19 | Stronghold |
| 6:30 | War Mill |
| 7:33 | Peon |
| 7:35 | Peon |
| 8:53 | Fortress |
| 9:26 | Reinforced Defenses |
| 9:56 | Spirit Lodge |
| 10:40 | Great Hall |
| 10:50 | Spiked Barricades |
| 11:20 | Boots of Speed |
| 11:20 | Staff of Teleportation |
| 12:02 | Critical Strike |
| 12:26 | Troll Witch Doctor |
| 12:28 | Witch Doctor Adept Training |
| 13:37 | Witch Doctor Master Training |
| 13:37 | Troll Witch Doctor |
| 13:37 | Troll Witch Doctor |
| 13:37 | Troll Witch Doctor |
| 13:37 | Troll Witch Doctor |
| 13:44 | Orb of Lightning |
| 13:50 | Tiny Great Hall |
| 14:52 | Orc Burrow |
| 15:27 | Peon |
| 15:27 | Peon |
| 15:27 | Peon |
| 15:27 | Peon |
| 15:49 | Improved Spiked Barricades |
| 18:28 | Wind Walk |
| 18:57 | Peon |
| 18:57 | Peon |
| 18:57 | Peon |
| 18:58 | Peon |
| 18:58 | Peon |
| 20:07 | Critical Strike |
| 20:36 | Bladestorm |
| Right click | 654 |
| Chat | 155 |
| Select | 119 |
| Misc. action | 105 |
| Select group | 91 |
| Build/train/purchase | 70 |
| Resource trade | 34 |
| Use ability | 9 |
| Assign group | 8 |
| Item give/drop | 7 |
| Remove unit | 3 |
| Esc | 2 |
| Minimap ping | 1 |
⇛